Map: Inferno Pools

Players

KrayT

  • Race: Zerg Zerg
  • Spawn Location: 5:00

Kantuva - Winner!

  • Race: Zerg Zerg
  • Spawn Location: 1:00

VOD

Have the link to the VOD?

Description

Time

  • Played on: April 1, 2015, 7:29 p.m.
  • Length: 8:15
Show
View Real Time Build Order
Export as new Build Order

KrayT Zerg 

Build Orders: Hatch First 

Get SALT Encoding   

  12  0:01  Drone  
  13  0:13  Overlord  
  13  0:19  Drone  
  14  0:32  Drone x2  
  16  0:52  Hatchery  
  16  0:56  Drone x2  
  17  1:04  Extractor  
  16  1:14  Spawning Pool  
  16  1:18  Drone  
  16  1:19  Drone  
  16  1:22  Drone  
  18  1:29  Drone  
  19  1:43  Overlord  
  19  2:01  Queen  
  21  2:02  Zergling x2  
  21  2:04  Queen  
  24  2:08  Drone  
  24  2:14  Roach Warren  
  24  2:16  Drone  
  24  2:20  Drone  
  26  2:27  Drone  
  26  2:29  Overlord  
  27  2:54  Roach  
  27  2:55  Roach x3  
  27  2:57  Roach  
  39  3:05  Roach  
  39  3:10  Overlord  
  39  3:11  Drone  
  40  3:14  Drone  
  40  3:24  Overlord  
  40  3:30  Drone x4  
  40  3:33  Drone  
  45  3:39  Overlord  
  45  3:54  Roach x3  
  45  3:55  Roach x2  
  55  4:02  Roach x2  
  51  4:08  Roach x2  
  55  4:17  Roach x2  
  55  4:25  Drone x2  
  55  4:26  Drone  
  55  4:28  Spine Crawler  
  57  4:33  Ravager  
  57  4:34  Queen  
  57  4:37  Extractor  
  57  4:49  Roach  
  42  4:58  Roach  
  41  5:00  Drone x5  
  44  5:10  Roach x2  
  48  5:15  Roach  
  48  5:16  Zergling x2  
  48  5:17  Zergling x4  
  48  5:19  Roach  
  55  5:27  Roach  
  57  5:28  Roach  
  55  5:40  Roach x2  
  55  5:41  Drone x4  
  63  5:47  Drone x4  
  67  5:54  Overlord  
  67  6:04  Lair  
  67  6:10  Evolution Chamber  
  64  6:18  Hatchery  
  64  6:24  Drone x3  
  65  6:26  Extractor  
  68  6:33  Roach x3  
  70  6:49  Roach x3  
  74  6:55  Roach  
  70  7:15  Roach x3  
  76  7:22  Hatchery, Overlord x3  
  73  7:30  Roach x2  
  73  7:32  Overlord  
  67  7:42  Drone x4  
  67  7:43  Drone  
  67  7:44  Drone x4  
  72  7:45  Extractor  
  67  8:02  Infestation Pit  
Show
View Real Time Build Order
Export as new Build Order

Kantuva Zerg - Winner!

Build Orders: Hatch First 

Get SALT Encoding   

  12  0:01  Drone  
  13  0:12  Overlord  
  13  0:17  Drone  
  14  0:31  Drone x2  
  16  0:49  Hatchery  
  15  0:55  Drone  
  17  0:57  Drone  
  17  1:07  Extractor  
  16  1:16  Drone, Spawning Pool  
  16  1:32  Drone  
  17  1:37  Drone x2  
  19  1:45  Overlord  
  19  2:04  Queen x2  
  23  2:08  Zergling x2  
  23  2:12  Metabolic Boost  
  24  2:16  Drone x3  
  27  2:30  Drone x3  
  30  2:37  Baneling Nest  
  29  2:45  Drone x3  
  29  2:48  Zergling x2  
  33  2:55  Overlord  
  34  3:05  Drone  
  33  3:21  Zergling x2  
  33  3:22  Zergling x18  
  43  3:28  Overlord  
  43  3:34  Overlord  
  42  3:44  Zergling x2  
  42  3:55  Zergling x2  
  42  3:56  Zergling x18  
  49  4:07  Zergling x4  
  51  4:14  Overlord  
  51  4:18  Baneling x3  
  50  4:27  Drone x2  
  50  4:28  Lair  
  48  4:48  Zergling x18  
  51  4:55  Extractor  
  51  4:57  Extractor  
  46  5:01  Drone x2  
  43  5:09  Drone  
  43  5:11  Drone  
  45  5:14  Extractor  
  44  5:23  Drone x2  
  44  5:35  Hatchery  
  44  5:42  Zergling x18  
  45  5:48  Spire  
  44  5:58  Drone x2  
  44  6:01  Drone  
  47  6:04  Drone  
  48  6:17  Zergling x12  
  52  6:27  Zergling x8  
  56  6:34  Zergling x4  
  58  6:46  Zergling x2  
  58  6:47  Zergling x2  
  60  6:52  Drone  
  54  7:04  Zergling x4  
  56  7:12  Mutalisk x6  
  60  7:24  Zergling x2  
  60  7:25  Zergling x2  
  61  7:30  Mutalisk  
  60  7:42  Zergling x4  
  62  7:48  Zergling x8  
  66  7:57  Drone x2  
Tags
 
Add a new tag
Caveats
  • Supply blocks, unpowered buildings, or Contaminate may cause inaccurate times.
  • Supply counts are checked every 10 seconds.